[Event "Late-Titled-Tuesday-Blitz-February-27-2024"]
[Site "Chess.com"]
[Date "2024.02.27"]
[Round "11"]
[White "Hrant_ChessMood"]
[Black "TigrVShlyape"]
[Result "1-0"]
[WhiteElo "3014"]
[BlackElo "2914"]
[TimeControl "180+1"]
[EndTime "16:07:15 PST"]
[Termination "Hrant_ChessMood won by resignation"]

1. d4 f5 2. Nc3 Nf6 3. Bg5 e6 4. e4 h6 5. Bxf6 Qxf6 6. e5 Qf7 7.
h4 d6 8. Nf3 Nc6 9. Bb5 Bd7 10.
Qe2 O-O-O 11. O-O-O g6 12. Rhe1 d5 13. Na4 Kb8 14.
Nc5 Bxc5 15. dxc5 Qe7 16. Qe3 Na5 17. Bf1 Nc6 18. Rd3 f4 19. Qxf4 Qxc5 20. Qd2 Rdf8 21.
a3 Qa5 22. Rc3 Ne7 23. Nd4 b6 24. b4 Qa4 25. f4 Nf5 26. Kb2 Nxd4 27. Qxd4 Bb5 28.
Bxb5 Qxb5 29. g3 a5 30. Qd3 Qxd3 31. Rxd3 axb4 32. axb4 g5 33. Rf1 gxh4 34. gxh4 Rhg8 35. f5 Rxf5 36. Rxf5 exf5 37. Rxd5 Rg4 38. Kc3 Rxh4 39. Rd8+ Kb7 40. Rf8 Rf4 41. Kd3 Kc6 42. c4 Kd7 43. Rf6 h5 44. Rh6 h4 45. Rh7+ Kc6 46. b5+ Kb7 47.
Rh5 Rf3+ 48. Kd4 h3 49. e6 Rf4+ 50. Kd5 Re4 51. Rxh3 Re2 52. Rf3 Kc8 53. Rxf5 Kd8 54. Rf8+ Ke7 55. Rf7+ Kd8 56. Rd7+ Kc8 57. Rh7 Kd8 58. Rg7 Re1 59. Rg8+ Ke7 60. Rc8 Rd1+ 61.
Kc6 Kxe6 62. Rxc7 Rd6+ 63. Kb7 Ke5 64. c5 bxc5 65. Rxc5+ Kd4 66. Rc6 Rd7+ 67. Rc7 Rd8 68. b6 Kd5 69. Rc8 Rd7+ 70. Ka6 Rd6 71. Ka7 1-0

[Event "Late-Titled-Tuesday-Blitz-February-27-2024"]
[Site "Chess.com"]
[Date "2024.02.27"]
[Round "11"]
[White "Brahianzevich"]
[Black "Jahonas"]
[Result "1/2-1/2"]
[WhiteElo "2501"]
[BlackElo "2377"]
[TimeControl "180+1"]
[EndTime "16:07:16 PST"]
[Termination "Game drawn - insufficient material"]

1. e4 c6 2. d4 d5 3. Nc3 dxe4 4. Nxe4 Nf6 5. Nxf6+ exf6 6. c3 Bd6 7. Bd3 Be6 8. Ne2 Nd7 9. Qc2 h5 10. Be3 Qc7 11. O-O-O O-O-O 12. Kb1 h4 13. g3 hxg3 14.
hxg3 g5 15. Bf5 Rdg8 16. Qe4 Nf8 17. Bxe6+ fxe6 18. Rxh8 Rxh8 19. Rh1 Rxh1+ 20. Qxh1 Qh7+ 21. Qxh7 Nxh7 22. Kc2 Kd7 23. Kd3 a6 24. c4 Nf8 25.
Nc3 Ng6 26. a3 g4 27. b4 Be7 28. d5 Ne5+ 29. Kd4 b5 30. dxe6+ Kxe6 31. cxb5 axb5 32. Ne4 Nf3+ 33. Kd3 f5 34. Nc5+ Bxc5 35. Bxc5 Kd5 36. Ke3 Ne5 37. Kf4 Ke6 38. Be3 Nd3+ 39. Kg5 Ke5 40.
Kg6 Nb2 41. Kf7 Nc4 42. Bc1 Ke4 43. Ke6 Ne5 44. Bf4 Nd3 45. Be3 Nb2 46. Kd6 Nc4+ 47. Kxc6 Nxe3 48. Kxb5 Nd1 49. a4 Nxf2 50. a5 f4 51. a6 fxg3 52. a7 Ke3 53. a8=Q Ne4 54. Qa7+ Kf3 55. Qg1 g2 56. Kc6 Ng3 57. b5 Ne2 58. Qc5 g1=Q 59. Qxg1 Nxg1 60. b6 Ne2 61. b7 g3 62. b8=Q g2 63. Qf8+ Nf4 64. Qg8 Kf2 65. Qg4 g1=Q 66. Qxf4+ Ke1 67. Qc1+ Kf2 68. Qc5+ Kf1 69.
Qc4+ Kg2 70. Qg4+ Kh1 71. Qh3+ Qh2 72. Qf1+ Qg1 73. Qh3+ Qh2 74. Qxh2+ Kxh2 1/2-1/2

[Event "Late-Titled-Tuesday-Blitz-February-27-2024"]
[Site "Chess.com"]
[Date "2024.02.27"]
[Round "11"]
[White "DeArron_Fox"]
[Black "Yurovskykh_Oleksandr"]
[Result "1/2-1/2"]
[WhiteElo "2485"]
[BlackElo "2647"]
[TimeControl "180+1"]
[EndTime "16:07:37 PST"]
[Termination "Game drawn - insufficient material"]

1. d4 d5 2. c4 dxc4 3. e3 Nf6 4.
Bxc4 e6 5. Nf3 c5 6. O-O Nc6 7. Nc3 cxd4 8. exd4 Be7 9. Qe2 O-O 10. Rd1 Na5 11.
Bd3 b6 12. Bg5 Bb7 13. Ne5 Rc8 14. Rac1 Nd5 15. Bxe7 Qxe7 16. Qe4 g6 17. Qg4 Nxc3 18. bxc3 Nc6 19. f4 f5 20. Qe2 Qd6 21. Re1 Nxe5 22.
Qxe5 Qxe5 23. Rxe5 Kf7 24. Kf2 Rfd8 25. Rc2 Rd5 26.
Rxd5 Bxd5 27. c4 Bb7 28. Ke3 Ke7 29. g3 Kd6 30. Rb2 Bc6 31. Rc2 Ba4 32. Rc3 Bd7 33. Ra3 Rc7 34. Kd2 h6 35. Kc3 g5 36. Kb4 a5+ 37. Kc3 g4 38. Rb3 Rb7 39. Bf1 Bc6 40.
Rxb6 Rxb6 41. c5+ Kc7 42. cxb6+ Kxb6 43. Bc4 Bd5 44. a3 Kc6 45. Be2 Ba2 46. Bd3 Kd5 47. Bc2 Bc4 48. Ba4 Ba2 49. Bc2 Bc4 50. Bd3 Bxd3 51.
Kxd3 a4 52. Kc3 Ke4 53. Kb4 Kxd4 54. Kxa4 e5 55. fxe5 Kxe5 56. Kb5 f4 57. gxf4+ Kxf4 58. a4 h5 59. a5 h4 60. a6 g3 61. a7 g2 62. a8=Q g1=Q 63. Qf8+ Ke4 64. Qe7+ Kf3 65.
Qf6+ Kg2 66. Qg5+ Kxh2 67. Qxh4+ Kg2 68. Kc4 Qf1+ 69. Kd4 Qf3 70. Qg5+ Qg3 71. Qd2+ Kh3 72. Qh6+ Kg2 73. Ke4 Qf3+ 74. Ke5 Qc3+ 75. Kf5 Qc5+ 76. Kg6 Qd6+ 77. Kh5 Qe5+ 78. Qg5+ Qg3 79. Qxg3+ Kxg3 1/2-1/2

[Event "Late-Titled-Tuesday-Blitz-February-27-2024"]
[Site "Chess.com"]
[Date "2024.02.27"]
[Round "11"]
[White "adricalderon8"]
[Black "AcostaPablo"]
[Result "1-0"]
[WhiteElo "2521"]
[BlackElo "2615"]
[TimeControl "180+1"]
[EndTime "16:07:39 PST"]
[Termination "adricalderon8 won by checkmate"]

1. e4 e6 2. d4 d5 3. Nc3 Nf6 4. Bg5 Be7 5. e5 Nfd7 6. h4 a6 7. Qg4 Rg8 8. O-O-O c5 9. Nf3 Nc6 10. dxc5 Ndxe5 11. Nxe5 Nxe5 12. Qg3 Nc6 13. Bd3 h6 14. Bxe7 Qxe7 15. Na4 g6 16. Rhe1 Kf8 17. Nb6 Rb8 18. Nxd5 Qxc5 19. Nf6 Rh8 20. Be4 Ra8 21. Bxc6 bxc6 22.
Re5 Qe7 23. Qf3 Kg7 24. Ne4 Bb7 25. Qc3 f6 26. Nc5 Bc8 27. Re3 e5 28. f4 Bg4 29.
Rde1 Rad8 30. fxe5 f5 31. e6+ Kh7 32. Nd7 h5 33. Rd3 Qxh4 34. e7 Rde8 35. Nf6+ Kh6 36. Nxe8 Rxe8 37. Qd2+ f4 38. Qxf4+ Kg7 39. Rde3 Qf6 40.
Qxf6+ Kxf6 41. Kd2 Bf5 42. Kc3 g5 43. R1e2 h4 44.
Kc4 g4 45. Kc5 h3 46. gxh3 gxh3 47. Kxc6 Bg4 48. Rf2+ Kg5 49. c4 Kh4 50. c5 Bc8 51. Kc7 Bg4 52. Rf8 h2 53. Re2 Bxe2 54. Rxe8 Bh5 55.
Rh8 h1=Q 56. Rxh5+ Kxh5 57. e8=Q+ Kg5 58. Qe5+ Kg6 59.
Qd6+ Kg5 60. Qxa6 Qh7+ 61. Kb6 Qc2 62. Qb5 Qg6+ 63. c6+ Kf4 64. a4 Qd6 65. Qc5 Qb8+ 66. Ka5 Qa8+ 67. Kb4 Qb8+ 68. Ka3 Ke4 69. c7 Qc8 70.
Qb5 Qxc7 71. a5 Qd6+ 72. Qb4+ Qxb4+ 73. Kxb4 Kd3 74. a6 Kc2 75. a7 Kxb2 76. a8=Q Kb1 77.
Qg2 Kc1 78. Kc3 Kd1 79. Qd2# 1-0

[Event "Late-Titled-Tuesday-Blitz-February-27-2024"]
[Site "Chess.com"]
[Date "2024.02.27"]
[Round "11"]
[White "jk13"]
[Black "ATM622"]
[Result "1-0"]
[WhiteElo "2680"]
[BlackElo "2532"]
[TimeControl "180+1"]
[EndTime "16:07:40 PST"]
[Termination "jk13 won by checkmate"]

1. e4 c6 2. Nc3 g6 3. Nf3 Bg7 4. d4 d5 5. h3 dxe4 6. Nxe4 Nd7 7. Bc4 Ngf6 8. Nxf6+ Nxf6 9. O-O O-O 10. Re1 Bf5 11. c3 Qd6 12. Ne5 Nd5 13. Qf3 Be6 14.
Bb3 f6 15. Nd3 Bf7 16. Nc5 b6 17. Ne4 Qd8 18. Bd2 a5 19. a4 Rb8 20. Rad1 e5 21. dxe5 fxe5 22. c4 Be6 23. Qe2 Nc7 24. Bb4 Qe8 25. Bxf8 Qxf8 26. Ng5 c5 27. Bc2 Qe7 28.
Nf3 Rf8 29. Nxe5 Qh4 30. Nf3 Qf6 31. b3 Qc3 32. Be4 Qf6 33. Bd5 Nxd5 34. cxd5 Bf7 35. d6 Rd8 36. d7 Bf8 37. Qe5 Qc6 38. Qe4 Qf6 39. Ne5 Bxb3 40. Rd2 Be6 41. Nc6 Bf5 42.
Qd5+ Kh8 43. Nxd8 Qxd8 44. Re8 Qf6 45. d8=Q Qa1+ 46. Kh2 Kg7 47. Rxf8 Kh6 48. Qh4+ Kg7 49. Qe5+ Qxe5+ 50. Qg3 Qxg3+ 51. Kxg3 Kxf8 52. Rd6 Ke7 53. Rxb6 c4 54. Rc6 Bd3 55. Rc5 Kd6 56. Rc8 Kd7 57. Rh8 c3 58. Rxh7+ Kd6 59. Rh8 Kc7 60. Rh7+ Kc6 61. Rh8 Kc7 62. Re8 c2 63. Re1 Kd6 64. Kf3 Kc5 65. Ke3 Kc4 66. Rc1 Kc3 67. f4 Bf5 68. g4 Bd3 69. h4 Kb2 70. Kd2 Be4 71. f5 gxf5 72. gxf5 Bxf5 73. h5 Bh7 74.
h6 Ka3 75. Rg1 Kxa4 76. Kc1 Kb3 77. Rg7 Bf5 78. h7 Bxh7 79. Rxh7 a4 80. Rh3+ Ka2 81.
Kxc2 a3 82. Rg3 Ka1 83. Rxa3# 1-0

[Event "Late-Titled-Tuesday-Blitz-February-27-2024"]
[Site "Chess.com"]
[Date "2024.02.27"]
[Round "11"]
[White "DonMicheleCorleone"]
[Black "TheAlienParty"]
[Result "1/2-1/2"]
[WhiteElo "2505"]
[BlackElo "2384"]
[TimeControl "180+1"]
[EndTime "16:07:45 PST"]
[Termination "Game drawn - insufficient material"]

1. e4 e5 2. Nf3 Nc6 3. Bc4 Bc5 4. c3 Nf6 5. d4 exd4 6. cxd4 Bb4+ 7.
Nc3 d6 8. O-O h6 9. d5 Bxc3 10.
dxc6 Be5 11. cxb7 Bxb7 12. Nxe5 dxe5 13. Bxf7+ Kxf7 14. Qb3+ Bd5 15. exd5 Qxd5 16. Qc2 c5 17.
Rd1 Qc6 18. Qc4+ Kg6 19. Be3 Rhc8 20. Rd2 Rab8 21. Rad1 Rb4 22. Qc2+ Qe4 23. Qc1 c4 24. a3 Rb3 25. Rd6 Rcb8 26. R1d2 a5 27. Qf1 c3 28. bxc3 Rxa3 29. Rd1 Rxc3 30. Qa6 a4 31. h4 Qxh4 32.
Qa5 Rxe3 33. fxe3 Rb2 34. Qe1 Qg5 35. R1d2 Rb3 36. e4 Kh7 37. Rf2 Re3 38. Re2 Rxe2 39. Qxe2 Qc1+ 40. Rd1 Qc5+ 41. Kh1 Qb4 42. Qf3 Qxe4 43.
Qxe4+ Nxe4 44. Re1 Nf2+ 45. Kg1 Nd3 46. Re3 Nc1 47.
Ra3 Kg6 48. Rxa4 Kf5 49. Ra3 Ne2+ 50. Kf2 Nd4 51. Ra8 g5 52. Rf8+ Kg6 53. Ra8 Kf5 54. Ra6 h5 55. Ra8 h4 56. Rh8 Kg6 57. Re8 Kf6 58.
Rf8+ Ke6 59. Rg8 Kf5 60. Rf8+ Kg4 61. Re8 Kf5 62. Ra8 Ne6 63. Ra4 Nf4 64. Ra8 g4 65.
Rf8+ Kg5 66. Rg8+ Kh5 67. Re8 Ng6 68. Ke3 Kg5 69. Ke4 g3 70. Kf3 Kf5 71. Ke3 Nf4 72. Kf3 e4+ 73. Rxe4 Nxg2 74. Ra4 Ne1+ 75. Ke2 g2 76. Kf2 h3 77. Rh4 g1=Q+ 78. Kxg1 Nf3+ 79.
Kf2 Nxh4 80. Kg3 Kg5 81. Kxh3 1/2-1/2

[Event "Late-Titled-Tuesday-Blitz-February-27-2024"]
[Site "Chess.com"]
[Date "2024.02.27"]
[Round "11"]
[White "dropstoneDP"]
[Black "FairChess_on_YouTube"]
[Result "1-0"]
[WhiteElo "2993"]
[BlackElo "3089"]
[TimeControl "180+1"]
[EndTime "16:08:07 PST"]
[Termination "dropstoneDP won on time"]

1. e4 c6 2. d4 d5 3. Nd2 dxe4 4.
Nxe4 Bf5 5. Ng3 Bg6 6. Nf3 Nd7 7. Bd3 Bxd3 8. Qxd3 Ngf6 9. O-O e6 10. c4 Be7 11.
Qe2 O-O 12. Rd1 Re8 13. Bf4 Qa5 14. Ne5 Rad8 15. h3 c5 16. dxc5 Qxc5 17. Nxd7 Nxd7 18. Ne4 Qc6 19. Bd6 Bf8 20. b3 Nc5 21. Bxc5 Bxc5 22. Nxc5 Qxc5 23. Rd3 Rxd3 24. Qxd3 g6 25. Rd1 e5 26.
Qd6 Qxd6 27. Rxd6 Kf8 28. Rd7 Re7 29. Rd5 Ke8 30. Kf1 f6 31. Ke2 Rd7 32. Rc5 Kd8 33. Ke3 Rd1 34. Ra5 a6 35. Ke2 Rd4 36. g3 Kc7 37.
Rc5+ Kd7 38. Ra5 Kc6 39. Ke3 Kb6 40. Ra4 Rd1 41. Rb4+ Kc6 42. Ra4 Re1+ 43. Kd2 Rf1 44. Ke2 Rb1 45. h4 Rb2+ 46. Ke3 Rb1 47. Ra5 Re1+ 48.
Kd2 Rf1 49. Ke2 Ra1 50. Ke3 Re1+ 51. Kd2 Rf1 52. Ke2 Rb1 53. Ke3 Rb2 54. g4 Kb6 55. Ra4 Kc5 56. g5 f5 57. Ra5+ Kd6 58. Rd5+ Ke6 59.
Rd8 Rxa2 60. Rb8 f4+ 61. Kf3 Kf5 62. Rf8+ Ke6 63. Rb8 Kf5 64. Rf8+ Ke6 65. Rf6+ Ke7 66. Rb6 Rb2 67. Rxb7+ Ke6 68. Rb6+ Ke7 69. Rxa6 Rxb3+ 70. Ke4 Rb2 71. Kxe5 Re2+ 72. Kxf4 Rxf2+ 73. Ke5 Re2+ 74. Kd5 Rd2+ 75. Kc5 Rh2 76. Ra7+ Ke6 77. Rxh7 Ra2 78.
Kb5 Rb2+ 79. Kc6 Ra2 80. c5 Ra6+ 81. Kb7 Ra1 82. c6 Rb1+ 83. Kc8 Kd6 84. c7 Rf1 85. Rg7 1-0

[Event "Late-Titled-Tuesday-Blitz-February-27-2024"]
[Site "Chess.com"]
[Date "2024.02.27"]
[Round "11"]
[White "mightysmasher"]
[Black "ElHelvetico"]
[Result "0-1"]
[WhiteElo "2584"]
[BlackElo "2748"]
[TimeControl "180+1"]
[EndTime "16:08:25 PST"]
[Termination "ElHelvetico won by checkmate"]

1. e4 g6 2. d4 Bg7 3. Nf3 d6 4. c4 c5 5. Nc3 cxd4 6. Nxd4 Nc6 7. Be3 Nf6 8. Be2 O-O 9. O-O Bd7 10.
f3 Nxd4 11. Bxd4 a5 12. Qd2 Bc6 13. Rad1 Nd7 14. Bxg7 Kxg7 15. Qd4+ Kg8 16. Nd5 Bxd5 17. cxd5 Qb6 18. Qxb6 Nxb6 19. Rc1 Rfc8 20. b3 a4 21. bxa4 Nxa4 22. Bc4 Rc5 23. Bb3 Nc3 24. Kf2 b5 25. Ke3 Kg7 26. Kd3 Nxa2 27. Rxc5 dxc5 28. Bxa2 Rxa2 29.
Rb1 b4 30. Kc4 Rc2+ 31. Kb5 Kf6 32. f4 Rxg2 33. Kxc5 Rc2+ 34. Kd4 Rd2+ 35. Ke3 Rxh2 36. Rxb4 h5 37. Rb6+ Kg7 38. Rb7 Kf6 39. e5+ Kf5 40.
Rxe7 Rh3+ 41. Kf2 Kxf4 42. d6 Rd3 43. d7 g5 44. Kg2 Rd5 45. Rxf7+ Kxe5 46. Rh7 h4 47.
Kh3 Kf6 48. Kg4 Rd4+ 49. Kh3 Rd3+ 50. Kg4 Rd4+ 51. Kh3 Kg6 52. Re7 Rd3+ 53. Kg2 Kf6 54. Rh7 Ke6 55. Rg7 Kf5 56. Re7 Kg4 57. Re4+ Kh5 58. Re7 Rd2+ 59. Kf3 g4+ 60. Kf4 Rd4+ 61.
Kf5 Rd5+ 62. Ke6 Rd1 63. Rh7+ Kg5 64. Rg7+ Kf4 65. Rf7+ Kg3 66. Rf5 h3 67. Rd5 Rxd5 68. Kxd5 h2 69. d8=Q h1=Q+ 70. Ke5 Qe1+ 71. Kf5 Qf2+ 72.
Kg5 Qf4+ 73. Kh5 Qe5+ 74. Kg6 Kh3 75. Qd7 Qe4+ 76. Kg5 Qe3+ 77. Kh5 Qe5+ 78. Kg6 Kh4 79. Qd8+ Kg3 80. Qd3+ Kf2 81. Qd2+ Qe2 82. Qf4+ Qf3 83. Qd2+ Qe2 84. Qf4+ Kg2 85. Kg5 g3 86. Kh4 Qe7+ 87. Kg4 Qg7+ 88. Kh4 Qh7+ 89. Kg4 Qh3+ 90. Kg5 Kh2 91.
Qe5 Qh7 92. Qe2+ g2 93. Qe5+ Kh1 94. Qe4 Qxe4 95. Kh5 g1=Q 96. Kh6 Qgg6# 0-1